AoeStats
← Lucka

Socotra

505904010Analyzed
3v3 RM · 22d ago on Sep 11, 2026· 47m 31s· 6 players
Game mode
Random Map
Map size
128×128
Population
200
Speed
Normal
Resources
Standard
Victory
Conquest
Starting age
Dark Age
Ending age
Imperial Age
RankedLock teamsTeams togetherTeam positionsShared explorationLock speedFull tech treeHidden civsTurbo modeCheats
Victory
Defeat
🇷🇺 Romans · Russia
624
+11
🇫🇷 Bulgarians · France
606
+12
🇬🇧 Turks · United Kingdom
606
+12
🇷🇴 Japanese · Romania
576
-15
🇷🇴 Teutons · Romania
492
-11
🇷🇴 Vietnamese · Romania
455
-9
wecinu2000
3:30 Loom
17:11 Feudal Age
17:39 Double-Bit Axe
17:38 Horse Collar
17:46 Town Watch
18:41 Arson
21:17 Stone Mining
24:23 Scale Mail Armor
26:26 Wheelbarrow
26:31 Padded Archer Armor
27:56 Fletching
31:57 Forging
40:04 Castle Age
41:09 Town Patrol
41:25 Hand Cart
PoliteHades9302
0:42 Loom
13:46 Feudal Age
14:29 Double-Bit Axe
14:30 Horse Collar
16:07 Wheelbarrow
15:56 Town Watch
16:16 Arson
17:31 Man-at-Arms
24:32 Scale Mail Armor
24:33 Padded Archer Armor
30:52 Castle Age
29:18 Scale Barding Armor
29:24 Forging
29:06 Fletching
31:51 Bow Saw
31:43 Heavy Plow
33:44 Hand Cart
34:09 Chain Mail Armor
33:47 Gambesons
33:23 Long Swordsman
33:31 Elite Skirmisher
34:48 Squires
40:15 Town Patrol
Lucka
1:00 Loom
12:53 Feudal Age
13:18 Horse Collar
15:21 Arson
16:08 Double-Bit Axe
20:53 Wheelbarrow
27:52 Bloodlines
28:00 Town Watch
28:15 Man-at-Arms
35:56 Castle Age
37:23 Husbandry
36:46 Light Cavalry
40:16 Heavy Plow
40:34 Bow Saw
kriber
1:22 Loom
17:02 Feudal Age
18:11 Horse Collar
18:19 Double-Bit Axe
21:20 Scale Mail Armor
21:31 Forging
27:44 Castle Age
25:51 Fletching
26:09 Scale Barding Armor
26:17 Bloodlines
27:17 Gold Mining
27:17 Stone Mining
29:55 Squires
30:13 Chain Mail Armor
31:33 Iron Casting
30:57 Bodkin Arrow
31:09 Husbandry
32:04 Caravan
35:22 Stirrups
36:28 Wheelbarrow
38:26 Imperial Age
36:24 Bow Saw
39:36 Hand Cart
39:01 Elite Konnik
40:37 Conscription
40:09 Town Watch
Poi
3:34 Loom
14:12 Feudal Age
17:31 Double-Bit Axe
17:38 Gold Mining
21:09 Castle Age
19:57 Stone Mining
24:09 Wheelbarrow
24:53 Fletching
29:46 Bodkin Arrow
30:03 Bow Saw
34:22 Imperial Age
35:58 Bombard Tower
36:34 Hand Cart
42:06 Masonry
41:52 Murder Holes
Mihan0id
2:55 Loom
13:24 Feudal Age
14:45 Wheelbarrow
15:07 Town Watch
16:06 Horse Collar
16:14 Double-Bit Axe
16:16 Man-at-Arms
16:58 Gold Mining
19:37 Scale Mail Armor
20:34 Stone Mining
20:58 Forging
21:48 Fletching
25:35 Padded Archer Armor
29:31 Castle Age
29:06 Scale Barding Armor
29:37 Long Swordsman
30:38 Hand Cart
30:43 Chain Mail Armor
31:21 Squires
31:30 Town Patrol
31:49 Leather Archer Armor
35:49 Heavy Plow
36:01 Bow Saw
36:27 Gold Shaft Mining
37:36 Iron Casting
37:14 Elite Skirmisher
39:29 Chain Barding Armor
40:35 Ballistas
43:24 Imperial Age
46:10 Blast Furnace
45:46 Plate Barding Armor
47:36 Crop Rotation
47:04 Bodkin Arrow
47:39 Ring Archer Armor
47:09 Legionary
Connection lost

Rejoining the realm…

Still unreachable

The connection could not be restored.

Session expired

The server has moved on; the page needs a fresh start.